 Dungeon Crawl Stone Soup version 0.31.0-9-g3a7656b989 (console) character file.

Game seed: 11351447548968800247

2 AlterAsc the Sneak (level 1, 0/13 HPs)
             Began as a Vampire Enchanter on Jan 29, 2024.
             Slain by a hobgoblin (4 damage)
             ... on level 1 of the Dungeon.
             The game lasted 00:00:20 (87 turns).

AlterAsc the Sneak (Vampire Enchanter)                Turns: 87, Time: 00:00:21

Health: 0/13       AC:  2    Str:  7    XL:     1   Next: 33%
Magic:  3/3        EV: 12    Int: 17    God:
Gold:   0          SH:  0    Dex: 14    Spells: 4/4 levels left

rFire   . . .        a - +1 dagger
rCold   . . .        (no shield)
rNeg    . . .        b - +0 robe
rPois   .            (no helmet)
rElec   .            (no cloak)
rCorr   .            (no gloves)
SInv    +            (no boots)
Will    .....        (no amulet)
Stlth   +++          (no ring)
HPRegen 0.42/turn    (no ring)
MPRegen 0.08/turn

%: no passive effects
@: healing quickly, invisible
A: alive, fangs 3, see invisible, vampiric 1
a: Exsanguinate


You were on level 1 of the Dungeon.
You visited 1 branch of the dungeon, and saw 1 of its levels.

Inventory:

Hand Weapons
 a - a +1 dagger (weapon)
Armour
 b - a +0 robe (worn)
Potions
 c - a potion of invisibility


   Skills:
 - Level 1.1 Short Blades
 - Level 2.1 Dodging
 + Level 4.6 Stealth
 - Level 2.0 Spellcasting
 + Level 4.5 Hexes


You had 4 spell levels left.
You didn't know any spells.
Your spell library contained the following spells:

 Spells                   Type           Power      Damage    Failure   Level
 Confusing Touch          Hex            17%        N/A       9%          3
 Tukima's Dance           Hex            17%        N/A       9%          3
 Ensorcelled Hibernation  Hex/Ice        18%        N/A       12%         2
 Dazzling Flash           Conj/Hex       18%        N/A       22%         3


Dungeon Overview and Level Annotations

Branches:
Dungeon (1/15)

Altars:


Innate Abilities, Weirdness & Mutations

Your natural rate of healing is accelerated.
You have razor-sharp teeth.
You have supernaturally acute eyesight. (SInv)
You are afflicted with vampirism.


Message History

The endoplasm is moderately wounded.
You hit the endoplasm.
You kill the endoplasm!
Things that are here:
a +0 dagger; a goblin corpse A hobgoblin comes into view.
The hobgoblin shouts!
The hobgoblin moves out of view.
No target in view!
A dart slug comes into view.
Found 4 curare-tipped darts.
Found a buckler.
The dart slug launches a dart at you. The slug dart hits you.
You hit the dart slug but do no damage. You hit the dart slug.
The dart slug is moderately wounded.
The dart slug closely misses you.
You hit the dart slug but do no damage.
The dart slug is moderately wounded.
The dart slug bites you but does no damage.
You hit the dart slug.
The dart slug is severely wounded.
You hit the dart slug but do no damage.
The dart slug is severely wounded.
The hobgoblin barely misses you. The dart slug launches a dart at you.
The slug dart hits you.
You hit the dart slug.
The dart slug is severely wounded.
The hobgoblin hits you but does no damage.
The dart slug launches a dart at you. The slug dart hits you.
* * * LOW HITPOINT WARNING * * *
You fade into invisibility!
The hobgoblin barely misses you.
You hit the dart slug.
The dart slug is almost dead.
The dart slug closely misses you. The hobgoblin hits you.
You die...

...#......# #.#
########..## #)# ###
#....###.## ..##
#.#..##...#####...
...####.......#.......#
....#....#..#...#####...
....##...#..##.###.
.....#..##..####..
..#..#..##...##..
..#..#.....#.##.####.###
.....#.....#.#.g@w(.....
....##...#.#.#.#....[...
....#..#.#.....#.......#
...##.#..#.............#
..##........#..#.......#
### ......###.........#
# ...... ..........#
...... ...#..#.###
...... ####..# ..... ..


You could see a dart slug (unable to see you) and a hobgoblin (unable to see
you).

Vanquished Creatures
  An endoplasm (D:1)
  A goblin (D:1)
2 creatures vanquished.

Notes
Turn   | Place    | Note
-------+----------+-------------------------------------------
     0 | D:1      | AlterAsc the Vampire Enchanter began the quest for the Orb.
     0 | D:1      | Reached XP level 1. HP: 13/13 MP: 3/3
    87 | D:1      | Slain by a hobgoblin

Illustrated notes

Levels and vault maps discovered:
D:1:      minmay_arrival_loop, layout_rooms, minmay_misc_feat_tower,
          minmay_shallow_snake_nest

Action                     || total
---------------------------++-------
  Melee: Dagger            ||    11
    Use: Potion            ||     1
 Armour: Robe              ||     6
  Dodge: Dodged            ||     5
